Map: Rhoskallian LE

Players

qqq - Winner!

  • Race: Zerg Zerg
  • Spawn Location: 11:00

Massa - Winner!

  • Race: Terran Terran
  • League: Platinum
  • Spawn Location: 12:00

CruciaX

  • Race: Zerg Zerg
  • League: Diamond
  • Spawn Location: 6:00

Booyaa

  • Race: Zerg Zerg
  • League: Platinum
  • Spawn Location: 5:00

VOD

Have the link to the VOD?

Description

Time

  • Played on: Jan. 29, 2021, 5:17 p.m.
  • Length: 16:01
Show
View Real Time Build Order
Export as new Build Order

qqq Zerg - Winner!

Build Orders: Hatch First, Brood Lord Corruptor 

Get SALT Encoding   

  12  0:01  Drone  
  13  0:09  Drone  
  14  0:22  Overlord  
  14  0:49  Drone  
  15  0:50  Hatchery  
  15  0:56  Drone  
  15  0:58  Drone  
  16  1:20  Extractor, Spawning Pool  
  14  1:27  Drone x2  
  14  1:30  Drone  
  17  1:39  Overlord  
  17  1:53  Drone  
  18  2:11  Drone  
  18  2:12  Zergling x2  
  18  2:15  Drone x2  
  22  2:16  Queen  
  24  2:27  Queen  
  24  2:29  Drone  
  27  2:34  Metabolic Boost  
  27  2:40  Evolution Chamber  
  27  2:42  Drone  
  27  2:45  Drone  
  27  2:48  Drone  
  29  2:52  Drone  
  29  2:56  Zergling x2  
  29  2:58  Zergling x2  
  31  3:07  Overlord  
  31  3:10  Zerg Melee Weapons Level 1  
  31  3:14  Zergling x2  
  31  3:17  Zergling x2  
  31  3:18  Zergling x2  
  34  3:20  Drone  
  36  3:27  Zergling x2  
  36  3:28  Zergling x2  
  36  3:29  Zergling x2  
  36  3:31  Zergling x2  
  39  3:35  Overlord  
  39  3:39  Zergling x2  
  40  3:44  Zergling x2  
  40  3:48  Zergling x4  
  42  3:49  Zergling x2  
  42  3:52  Overlord  
  44  3:59  Lair  
  44  4:03  Zergling x2  
  44  4:04  Zergling x2  
  44  4:09  Zergling x2  
  48  4:10  Drone  
  48  4:13  Zergling x2  
  48  4:16  Zergling x2  
  47  4:34  Zergling x2  
  47  4:35  Drone, Zergling x2  
  47  4:36  Drone  
  50  4:40  Zergling x2  
  50  4:41  Zergling x2  
  43  4:54  Zergling x2  
  43  4:55  Zergling x2  
  45  5:04  Zerg Ground Armor Level 1  
  45  5:06  Evolution Chamber  
  43  5:16  Hatchery  
  43  5:17  Zergling x4  
  43  5:18  Zergling x4  
  46  5:21  Zergling x2  
  46  5:22  Drone  
  48  5:36  Zergling x2  
  48  5:37  Drone  
  49  5:48  Spire  
  49  5:49  Extractor, Drone x4  
  51  5:50  Drone  
  51  5:51  Drone x3  
  55  5:59  Drone  
  55  6:00  Drone  
  57  6:08  Drone  
  58  6:12  Extractor  
  58  6:13  Extractor  
  52  6:23  Zergling x6  
  52  6:24  Drone x4  
  55  6:29  Drone  
  56  6:35  Hatchery  
  56  6:38  Drone  
  56  6:48  Queen  
  56  6:49  Drone  
  56  6:50  Drone x4  
  56  6:54  Overlord  
  63  6:55  Overlord x2  
  63  6:58  Drone  
  64  7:11  Drone  
  64  7:13  Drone  
  66  7:17  Zerg Flyer Weapons Level 1  
  66  7:19  Mutalisk x4, Infestation Pit  
  66  7:22  Drone  
  74  7:28  Mutalisk  
  76  7:32  Drone x2  
  76  7:33  Overlord  
  78  7:41  Mutalisk  
  78  7:44  Overlord x3  
  80  7:45  Drone  
  81  7:53  Drone, Spine Crawler  
  81  7:54  Mutalisk  
  80  8:05  Mutalisk x2  
  74  8:07  Drone x4  
  76  8:25  Mutalisk x2  
  78  8:38  Mutalisk  
  78  8:39  Mutalisk  
  78  8:41  Drone x6  
  88  8:52  Mutalisk  
  88  8:53  Overlord x3  
  88  8:54  Overlord  
  88  8:55  Extractor, Drone  
  90  8:57  Extractor  
  90  8:59  Mutalisk  
  90  9:00  Hatchery  
  88  9:15  Mutalisk x2  
  86  9:19  Drone x5  
  91  9:32  Drone  
  91  9:33  Drone  
  91  9:36  Hive  
  93  9:45  Zerg Flyer Armor Level 1  
  93  9:47  Mutalisk  
  93  9:49  Drone x2  
  93  9:50  Drone  
  98  10:00  Mutalisk x2  
  98  10:03  Extractor, Spine Crawler  
  98  10:04  Spine Crawler  
  99  10:07  Spine Crawler, Zergling x4  
  99  10:08  Zergling x4  
  99  10:09  Drone x3, Zergling x2  
  96  10:21  Drone  
  95  10:22  Spine Crawler  
  95  10:24  Spine Crawler  
  93  10:30  Drone x3  
  95  10:39  Drone  
  95  10:40  Drone, Spine Crawler  
  95  10:41  Mutalisk x2  
  95  10:42  Mutalisk, Corruptor x2  
  102  10:43  Mutalisk  
  102  10:48  Drone  
  102  10:49  Spine Crawler, Queen  
  110  10:53  Drone  
  111  11:02  Drone  
  111  11:03  Spine Crawler  
  111  11:04  Drone, Spine Crawler  
  112  11:07  Viper  
  112  11:08  Viper  
  112  11:10  Viper  
  120  11:13  Drone x2  
  122  11:18  Drone  
  123  11:34  Hatchery  
  110  12:01  Drone x6  
  112  12:02  Viper  
  112  12:03  Mutalisk x5  
  112  12:07  Greater Spire  
  126  12:20  Drone x2  
  128  12:25  Extractor  
  127  12:31  Corruptor x2  
  127  12:32  Corruptor x2  
  135  12:43  Hatchery  
  134  12:46  Spire  
  133  12:52  Corruptor  
  133  12:53  Overlord x2, Corruptor x2  
  133  12:54  Overlord x2  
  133  12:56  Drone x4  
  143  13:11  Drone x3  
  146  13:17  Spine Crawler  
  133  14:06  Corruptor x7  
  133  14:07  Overlord, Corruptor  
  149  14:23  Corruptor  
  151  14:30  Spire  
  150  14:36  Spine Crawler x2  
  150  14:37  Spine Crawler  
  147  14:42  Brood Lord x2  
  147  14:43  Brood Lord x3  
  157  14:49  Brood Lord  
  145  14:56  Lair  
  145  14:59  Spawning Pool  
  142  15:06  Infestation Pit  
  137  15:07  Overlord x2  
Show
View Real Time Build Order
Export as new Build Order

Massa Terran - Winner!

Build Orders: 2 Factory, Hellion Opening 

Get SALT Encoding   

  12  0:00  SCV  
  13  0:12  SCV  
  14  0:20  Supply Depot  
  14  0:24  SCV  
  15  0:42  SCV, Barracks  
  16  0:47  Refinery  
  16  0:54  SCV  
  16  0:56  Refinery  
  17  1:06  SCV  
  18  1:18  SCV  
  19  1:30  SCV  
  20  1:32  Supply Depot  
  20  1:37  Factory  
  20  1:44  Barracks Tech Lab  
  21  1:50  Orbital Command  
  20  2:05  Factory  
  20  2:15  Barracks Reactor  
  20  2:18  SCV  
  21  2:29  Supply Depot  
  21  2:30  Hellion  
  21  2:35  Infernal Pre-Igniter  
  23  2:40  SCV  
  24  2:56  Hellion  
  24  2:58  Hellion  
  28  2:59  Hellion  
  28  3:04  Marine  
  31  3:17  Hellion  
  33  3:22  Hellion x2  
  37  3:39  Hellion  
  39  3:49  Supply Depot  
  39  3:52  Supply Depot  
  39  4:10  Hellion x2  
  37  4:50  Hellion x3  
  37  5:11  Hellion x2  
  33  5:14  Command Center  
  33  5:16  SCV  
  34  5:23  Hellion  
  34  5:25  Barracks Tech Lab  
  36  5:29  SCV  
  36  5:32  Hellion  
  36  5:33  Hellion  
  41  5:40  Starport  
  41  5:41  SCV  
  42  5:45  Hellion, Supply Depot  
  42  5:47  Marine, Stimpack  
  45  5:53  SCV  
  46  6:03  Hellion x2  
  50  6:05  SCV, Marine  
  52  6:17  SCV  
  53  6:34  Siege Tank  
  53  6:36  Widow Mine x2  
  60  6:57  Widow Mine  
  60  6:58  Widow Mine  
  60  6:59  Engineering Bay, Medivac  
  66  7:05  Orbital Command  
  66  7:06  SCV  
  67  7:14  Cyclone  
  70  7:18  SCV  
  70  7:19  Widow Mine x2  
  73  7:30  SCV  
  72  7:40  Widow Mine  
  60  7:46  Siege Tank  
  63  7:57  Marauder  
  53  8:11  Combat Shield  
  46  8:19  Marauder  
  41  8:40  Barracks, Marauder  
  43  8:42  Starport Reactor  
  43  8:43  Barracks x2  
  43  8:44  Barracks  
  43  8:55  Siege Tank  
  43  8:57  Widow Mine x2  
  43  9:00  SCV  
  43  9:01  SCV  
  52  9:12  SCV  
  52  9:13  SCV  
  54  9:18  Widow Mine x2  
  54  9:20  Terran Infantry Weapons Level 1, Command Center  
  54  9:24  SCV, Armory  
  58  9:26  Medivac x2  
  58  9:28  Siege Tank  
  66  9:32  Barracks Reactor, Barracks Tech Lab  
  66  9:33  Barracks Tech Lab  
  66  9:36  Refinery  
  65  9:39  Refinery, Widow Mine  
  65  9:43  Missile Turret  
  67  9:54  Missile Turret  
  67  9:59  Missile Turret  
  65  10:11  Medivac x2  
  65  10:13  Marauder  
  71  10:14  Marine x3  
  71  10:15  Marine x2  
  76  10:35  Missile Turret  
  76  10:36  Planetary Fortress  
  76  10:38  SCV x2  
  78  10:47  Missile Turret  
  78  10:48  Missile Turret  
  78  10:50  SCV x2  
  78  10:54  Concussive Shells  
  78  10:56  Marauder x3, Marine x3  
  89  11:02  SCV x2  
  91  11:06  Missile Turret  
  91  11:08  Missile Turret  
  91  11:14  Marine x2  
  93  11:21  Terran Infantry Armor Level 1, Supply Depot x3  
  93  11:23  Supply Depot  
  93  11:25  Terran Vehicle Weapons Level 1  
  93  11:42  SCV x3, Marauder x2  
  93  11:44  Medivac x2  
  93  11:45  Supply Depot  
  104  11:48  Supply Depot  
  104  11:49  Engineering Bay  
  104  11:54  SCV x3  
  104  12:00  Siege Tank  
  104  12:01  Widow Mine x2  
  114  12:06  SCV  
  115  12:15  SCV  
  115  12:16  SCV  
  115  12:18  Refinery x2, SCV  
  115  12:21  Marauder x2  
  115  12:22  Widow Mine, Marauder  
  126  12:23  Marine  
  126  12:24  Marine  
  126  12:26  Marine  
  126  12:28  SCV  
  129  12:32  Siege Tank  
  132  12:59  Widow Mine x2, Marine  
  132  13:00  Marine x4  
  141  13:09  Supply Depot  
  141  13:10  Terran Infantry Weapons Level 2  
  141  13:27  Terran Vehicle And Ship Armor Level 1  
  141  13:28  Supply Depot  
  141  13:30  Marine x5, Siege Tank  
  141  13:31  Supply Depot  
  141  13:32  Supply Depot x2  
  149  13:50  Widow Mine x2, Marine  
  154  14:02  Siege Tank  
  157  14:12  Widow Mine x2  
  141  15:58  Starport Reactor  
Show
View Real Time Build Order
Export as new Build Order

CruciaX Zerg 

Build Orders: Hatch First 

Get SALT Encoding   

  12  0:00  Drone  
  13  0:13  Overlord  
  13  0:18  Drone  
  14  0:31  Drone x2  
  17  0:35  Drone  
  17  0:54  Hatchery  
  16  1:03  Drone x2  
  18  1:17  Extractor  
  18  1:18  Spawning Pool  
  16  1:19  Drone  
  16  1:21  Drone  
  18  1:28  Drone  
  19  1:39  Drone  
  20  1:51  Drone  
  21  2:01  Drone  
  22  2:05  Queen  
  22  2:06  Queen, Zergling x2  
  27  2:11  Drone  
  28  2:18  Metabolic Boost  
  28  2:24  Overlord x2  
  28  2:38  Hatchery  
  27  2:50  Drone x2  
  27  2:51  Drone x3  
  32  2:55  Drone  
  33  3:03  Roach Warren  
  32  3:06  Drone x2  
  32  3:11  Queen  
  36  3:36  Drone x5  
  36  3:37  Drone x2  
  43  3:53  Roach  
  43  3:54  Roach  
  43  3:55  Zergling x4  
  49  3:56  Zergling x2  
  50  4:06  Overlord x3  
  49  4:21  Queen  
  46  4:25  Roach x3  
  46  4:30  Roach  
  51  4:42  Roach  
  38  4:47  Zergling x8  
  38  4:48  Zergling x12  
  38  4:49  Queen  
  50  5:04  Drone x2  
  45  5:12  Drone x2  
  45  5:13  Drone  
  43  5:17  Drone  
  43  5:19  Drone  
  44  5:27  Drone x6  
  50  5:32  Drone  
  51  5:42  Drone x2  
  52  5:47  Drone  
  53  5:50  Drone  
  54  6:01  Drone x2  
  54  6:04  Drone x2  
  57  6:05  Drone  
  57  6:08  Drone  
  60  6:13  Drone  
  52  6:27  Roach  
  52  6:28  Roach x4  
  62  6:40  Extractor  
  62  6:44  Extractor  
  60  6:47  Roach  
  60  6:48  Roach x3  
  68  7:06  Overlord x4  
  68  7:09  Spore Crawler  
  68  7:14  Spore Crawler  
  66  7:18  Zergling x4  
  68  7:35  Roach x7  
  82  7:39  Roach  
  82  7:43  Zergling x4  
  86  7:49  Zergling x4  
  86  7:50  Zergling x6  
  63  8:24  Zergling x14  
  63  8:25  Zergling x2  
  69  8:36  Lair  
  69  8:42  Spore Crawler  
  69  8:46  Roach x3  
  69  8:47  Roach  
  76  8:52  Overlord  
  76  9:01  Extractor  
  75  9:04  Spore Crawler  
  73  9:16  Roach x2  
  76  9:18  Overlord x5  
  76  9:19  Overlord  
  76  9:51  Hatchery  
  75  10:08  Hydralisk Den  
  68  10:32  Evolution Chamber  
  68  10:33  Evolution Chamber  
  62  10:38  Hydralisk x5  
  62  10:39  Hydralisk x10  
  90  11:02  Hydralisk x3  
  96  11:07  Hydralisk  
  98  11:17  Drone  
  98  11:18  Drone  
  100  11:20  Drone  
  101  11:28  Drone  
  101  11:30  Drone  
  89  12:12  Drone x6  
  89  12:13  Drone x3  
  94  12:48  Queen  
  94  12:51  Hydralisk x2, Nydus Network  
  95  12:52  Hydralisk x2  
  95  12:56  Drone x2  
  105  13:12  Hydralisk x3  
  105  13:14  Hydralisk  
  112  13:53  Nydus Canal  
  112  14:03  Roach  
  112  14:04  Roach x5  
  112  14:06  Overlord x2  
  112  14:07  Overlord  
  106  14:59  Spawning Pool  
Show
View Real Time Build Order
Export as new Build Order

Booyaa Zerg 

Build Orders: Pool First 

Get SALT Encoding   

  12  0:01  Drone  
  13  0:18  Overlord  
  13  0:19  Drone  
  14  0:38  Drone  
  14  0:39  Drone  
  16  0:51  Spawning Pool  
  16  0:52  Drone  
  17  0:57  Drone  
  17  1:19  Drone  
  17  1:21  Hatchery  
  17  1:22  Extractor  
  17  1:23  Drone  
  17  1:30  Drone  
  18  1:40  Drone  
  18  1:44  Queen  
  21  1:47  Overlord  
  21  2:02  Drone  
  21  2:05  Drone  
  23  2:22  Queen  
  25  2:27  Metabolic Boost  
  25  2:33  Queen  
  28  2:37  Drone x3  
  30  3:01  Lair  
  30  3:09  Queen  
  32  3:16  Drone  
  32  3:17  Drone x3  
  32  3:18  Overlord  
  32  3:19  Overlord  
  36  3:22  Extractor  
  35  3:27  Roach Warren  
  34  3:55  Zergling x2  
  35  3:56  Zergling x20  
  45  4:08  Roach x3  
  45  4:34  Roach  
  45  4:35  Roach x2  
  42  4:47  Roach  
  42  4:48  Roach x4  
  48  5:09  Roach x2  
  48  5:13  Overlord x3  
  52  5:30  Queen  
  54  5:36  Drone x5  
  54  5:37  Drone x2  
  61  5:49  Glial Reconstitution  
  61  6:06  Queen  
  61  6:10  Evolution Chamber  
  62  6:20  Roach x7  
  76  6:26  Overlord  
  75  7:07  Zerg Missile Weapons Level 1  
  75  7:12  Drone x3  
  78  7:16  Spore Crawler  
  78  7:18  Spore Crawler  
  76  7:29  Spire  
  75  7:49  Roach x3  
  75  7:50  Roach x2  
  63  8:03  Drone x4  
  63  8:04  Drone x2  
  52  8:40  Mutalisk  
  52  8:41  Mutalisk x5  
  50  8:42  Mutalisk  
  62  8:49  Extractor  
  62  8:51  Extractor  
  60  9:16  Mutalisk  
  62  9:21  Roach  
  62  9:22  Zergling x2  
  62  9:23  Zergling x20  
  75  9:35  Mutalisk  
  77  9:45  Drone x5  
  80  10:23  Mutalisk x2  
  80  10:25  Overlord x3  
  80  10:26  Overlord  
  84  10:32  Hatchery  
  83  10:57  Mutalisk x7  
  97  11:09  Zerg Flyer Weapons Level 1  
  97  11:17  Mutalisk  
  99  11:20  Zergling x2  
  99  11:21  Zergling x18  
  109  11:41  Overlord x2  
  97  11:57  Mutalisk x4  
  101  12:13  Drone x10  
  108  12:23  Mutalisk  
  108  12:25  Mutalisk x2  
  114  12:49  Drone x2  
  116  12:53  Extractor x2  
  116  12:58  Mutalisk  
  114  12:59  Mutalisk x3  
  122  13:12  Infestation Pit  
  83  13:50  Mutalisk x4  
  89  14:20  Zergling x16  
  89  14:21  Zergling x32  
  49  15:15  Mutalisk  
  49  15:16  Mutalisk x8  
  67  15:26  Mutalisk x3  
  73  15:30  Overlord x5  
Tags
 
Add a new tag
Caveats
  • Supply blocks, unpowered buildings, or Contaminate may cause inaccurate times.
  • Supply counts are checked every 10 seconds.